 Dungeon Crawl Stone Soup version 0.29.0-4-gdea44cf6ec (webtiles) character file.

Game seed: 15472451430191939563

128 qw the Chopper (level 5, -1/30 HPs)
             Began as a Tengu Warper on Aug 28, 2022.
             Succumbed to Terence's poison
             ... on level 3 of the Dungeon.
             The game lasted 00:00:14 (2643 turns).

qw the Chopper (Tengu Warper)                       Turns: 2643, Time: 00:00:15

Health: -1/30      AC: 10    Str: 13    XL:     5   Next: 11%
Magic:  9/9        EV:  4    Int: 13    God:
Gold:   20         SH:  0    Dex: 14    Spells: 8/8 levels left

rFire   . . .      SeeInvis .   Y - +1 hand axe
rCold   . . .      Faith    .   (no shield)
rNeg    . . .      Spirit   .   f - +0 plate armour
rPois   .          Reflect  .   (helmet restricted)
rElec   .          Harm     .   (no cloak)
rCorr   .          Rampage  .   (no gloves)
Will    .....                   (boots unavailable)
Stlth   ..........              (no amulet)
HPRegen 0.10/turn               (no ring)
MPRegen 0.11/turn               (no ring)

@: lethally poisoned (-1 -> -23), flying quickly and evasively, quick
A: beak, talons 3, nimble flight
a: no special abilities


You were on level 3 of the Dungeon.
You visited 1 branch of the dungeon, and saw 3 of its levels.

You collected 134 gold pieces.
You spent 114 gold pieces at shops.


Innate Abilities, Weirdness & Mutations

You have a beak for a mouth.
You have claws for feet.
Your magical nature lets you fly swiftly and evasively.


   Skills:
 - Level 2.0 Fighting
 + Level 5.3 Axes
 - Level 1.0 Throwing
 - Level 2.0 Armour
 - Level 2.1 Dodging
 - Level 2.0 Spellcasting
 - Level 2.4 Translocations


You had 8 spell levels left.
You didn't know any spells.
Your spell library contained the following spells:

 Spells                   Type           Power      Damage    Failure   Level
 Blink                    Tloc           14%        N/A       100%        2
 Gell's Gravitas          Tloc           7%         N/A       100%        3
 Lesser Beckoning         Tloc           7%         N/A       100%        3
 Teleport Other           Tloc           7%         N/A       100%        3
 Manifold Assault         Tloc           7%         N/A       100%        5

Inventory:

Hand Weapons
 e - a +0 flail
 Y - a +1 hand axe (weapon)
Missiles
 g - 3 boomerangs (quivered)
Armour
 f - a +0 plate armour (worn)
Scrolls
 a - a scroll of poison {unknown}
 h - a scroll of identify
 j - a scroll of brand weapon {unknown}
Potions
 b - a potion of curing {unknown}
 c - a potion of brilliance {unknown}
 d - a potion of heal wounds {unknown}
 i - 2 potions of cancellation {unknown}

Dungeon Overview and Level Annotations

Branches:
Dungeon (3/15)

Altars:

Shops:
D:3 *(

Annotations:
D:3 Terence


Message History

Found a club.
Found 5 stones.
Enter note:
j - a scroll labelled JEMPUYDINE You reach down and open the door.
Terence the Incautious comes into view.
He is wielding a +2 short sword of venom.
Terence shouts!
Throw: 3 boomerangs
Press: ? - help, Q - select action Shift-Dir - straight line, f - Terence You throw a boomerang.
The boomerang hits Terence.
Terence is lightly wounded.
You completely miss Terence. You claw Terence.
Terence is moderately wounded.
Terence hits you with a +2 short sword of venom.
You are poisoned.
You hit Terence.
Terence is moderately wounded.
You feel very sick. Terence hits you but does no damage.
You are more poisoned.
You hit Terence but do no damage.
Terence is moderately wounded.
You feel very sick.
Terence hits you with a +2 short sword of venom.
You are lethally poisoned!
You hit Terence but do no damage. Your kick misses Terence.
Your peck misses Terence.
Terence is moderately wounded.
You feel very sick.
An adder comes into view.
Terence hits you with a +2 short sword of venom.
You are more poisoned.
The adder hisses angrily.
You hit Terence but do no damage.
Terence is moderately wounded.
You feel extremely sick. Terence hits you but does no damage.
You barely miss Terence. You claw Terence, but do no damage.
Terence is moderately wounded.
You die...

#........#.. #
#........# #
####.....# #
#####(....+ .
..# #.........#
.. ....
#.....##+####...
###>
#...............
#.
#...............
#.
####..S.@....###
..#
.....##@#####
... #.##..##..
.. # #..##.#. #
...##.#.# # ....
#.. # # ... ...


You could see Terence and an adder.

Vanquished Creatures
  An orc wizard (D:3)
  Robin (D:3)
  An adder (D:3)
  4 worms
  2 dart slugs
  2 orcs (D:3)
  4 ball pythons
  A bat (D:2)
  3 endoplasms (D:1)
  4 giant cockroaches
  10 goblins
  7 hobgoblins
  7 jackals
  2 quokkas (D:1)
  3 kobolds
  6 rats
  A spectral goblin (D:1)
59 creatures vanquished.

Notes
Turn   | Place    | Note
-------+----------+-------------------------------------------
     0 | D:1      | qw the Tengu Warper began the quest for the Orb.
     0 | D:1      | Reached XP level 1. HP: 12/12 MP: 4/4
     0 | D:1      | 0 ||| qw: Version: 0.1-a-89-g26bdef1
     0 | D:1      | 0 ||| qw: Game counter: 2839
     0 | D:1      | 0 ||| qw: Always use a shield: true
     0 | D:1      | 0 ||| qw: God list: Okawaru
     0 | D:1      | 0 ||| qw: Allow faded altars: false
     0 | D:1      | 0 ||| qw: Do Orc after D:15 true
     0 | D:1      | 0 ||| qw: Do second Lair branch before Depths: true
     0 | D:1      | 0 ||| qw: Lair rune preference: random
     0 | D:1      | 0 ||| qw: Plans: Normal
     0 | D:1      | 0 ||| PLANNING D:1-11
   122 | D:1      | Reached skill level 3 in Axes
   122 | D:1      | Reached XP level 2. HP: 17/17 MP: 6/6
   156 | D:1      | 156 ||| Stepping ~*~*~tactically~*~*~ (stealth).
   158 | D:1      | 158 ||| Stepping ~*~*~tactically~*~*~ (stealth).
   161 | D:1      | 161 ||| Stepping ~*~*~tactically~*~*~ (stealth).
   334 | D:1      | 334 ||| Stepping ~*~*~tactically~*~*~ (stealth).
   575 | D:1      | Found a faded altar of an unknown god.
   739 | D:1      | Reached XP level 3. HP: 13/21 MP: 7/7
   864 | D:1      | 864 ||| Stepping ~*~*~tactically~*~*~ (stealth).
   866 | D:1      | 866 ||| Stepping ~*~*~tactically~*~*~ (stealth).
   871 | D:1      | 871 ||| Stepping ~*~*~tactically~*~*~ (stealth).
   941 | D:1      | 941 ||| UPGRADING to +0 plate armour.
   951 | D:1      | 951 ||| DROPPING +0 leather armour.
   952 | D:1      | 952 ||| READING scroll labelled FIT DUKHUBRO.
   953 | D:1      | 953 ||| READING scroll labelled BEBE BUYWNUSOJ.
  1078 | D:1      | 1078 ||| READING 2 scrolls labelled AFFOXIERUA.
  1082 | D:1      | 1082 ||| READING 2 scrolls labelled BIBLEBRUDE.
  1083 | D:1      | 1083 ||| DROPPING scroll of blinking.
  1084 | D:1      | 1084 ||| DROPPING scroll of butterflies.
  1124 | D:2      | Reached skill level 4 in Axes
  1243 | D:2      | 1243 ||| Stepping ~*~*~tactically~*~*~ (stealth).
  1746 | D:2      | 1746 ||| READING scroll labelled YKIMIETEJA.
  1755 | D:3      | Noticed Robin
  1758 | D:3      | Reached XP level 4. HP: 26/26 MP: 8/8
  1767 | D:3      | HP: 4/26 [goblin/+0 club[Robin] (5)]
  1768 | D:3      | 1768 ||| READING scroll of teleportation.
  1787 | D:3      | 1787 ||| FLEEEEING.
  1788 | D:3      | 1788 ||| FLEEEEING.
  1789 | D:3      | 1789 ||| FLEEEEING.
  1790 | D:3      | 1790 ||| STAIRDANCE
  2060 | D:3      | Killed Robin
  2232 | D:3      | Found Askapixi's Antique Weapon Shoppe.
  2241 | D:3      | 2241 ||| BUYING flail (94 gold).
  2241 | D:3      | Bought a flail for 94 gold pieces
  2241 | D:3      | 2241 ||| SHOPLISTING runed broad axe (189 gold, have 22).
  2241 | D:3      | 2241 ||| DROPPING +0 club.
  2368 | D:3      | 2368 ||| Stepping ~*~*~tactically~*~*~ (stealth).
  2414 | D:3      | 2414 ||| Stepping ~*~*~tactically~*~*~ (stealth).
  2477 | D:3      | 2477 ||| Stepping ~*~*~tactically~*~*~ (stealth).
  2480 | D:3      | 2480 ||| Stepping ~*~*~tactically~*~*~ (stealth).
  2496 | D:3      | Reached skill level 5 in Axes
  2496 | D:3      | Gained mutation: Your magical nature lets you fly swiftly
                  | and evasively. [Tengu growth]
  2496 | D:3      | Reached XP level 5. HP: 25/30 MP: 9/9
  2556 | D:3      | Found Uneliafu's General Store.
  2564 | D:3      | 2564 ||| SHOPLISTING +0 pair of gloves (45 gold, have 40).
  2564 | D:3      | 2564 ||| SHOPLISTING +2 vorpal broad axe (180 gold, have
                  | 40).
  2564 | D:3      | 2564 ||| BUYING scroll of identify (20 gold).
  2564 | D:3      | Bought a scroll of identify for 20 gold pieces
  2635 | D:3      | Noticed Terence
  2642 | D:3      | HP: 4/30 [poisoned by Terence]
  2643 | D:3      | Succumbed to Terence's poison

Levels and vault maps discovered:
D:1:      dpeg_arrival_rhombus, layout_basic,
          dreamdust_ecumenical_altar_drowned_temple, minmay_misc_feat_ornament,
          minmay_misc_feat_hallway, grunt_decor_resistance
D:2:      layout_rooms, nicolae_wormholes
D:3:      layout_basic, serial_shops, shop, nicolae_shop_crystal,
          nicolae_shop_trees, nicolae_shop_bloodbath_and_beyond,
          nicolae_square_shop, uniq_robin, uniq_terence

Skill      XL: |  1  2  3  4 |
---------------+-------------+-----
Axes           | 3 4 5 |  5.3
Armour         | 2 |  2.0
Fighting       | |  2.0
Throwing       | |  1.0
Dodging        | |  2.1
Spellcasting   | |  2.0
Translocations | |  2.4

Action                   |  1- 3 |  4- 6 || total
-------------------------+-------+-------++-------
Melee: Hand axe          |    74 |    58 ||   132
       Kick              |    24 |    16 ||    40
       Peck              |     9 |     5 ||    14
       Punch             |     1 |       ||     1
Throw: Boomerang         |     7 |     9 ||    16
  Use: Scroll            |     5 |     1 ||     6
Armor: Leather armour    |     7 |       ||     7
       Plate armour      |    12 |    58 ||    70
Dodge: Dodged            |    19 |    14 ||    33

Table legend:
 A = Non-vault XP
 B = Vault XP
 C = Vault XP percentage of total XP
 D = Non-vault monster count
 E = Vault monster count
 F = Vault count percentage of total count
                 A         B        C        D         E       F
            +---------+---------+-------+---------+---------+-------
      Total |     133 |      50 |  27.3 |      44 |      15 |  25.4
            +---------+---------+-------+---------+---------+-------
        D:1 |      41 |       1 |   2.4 |      23 |       1 |   4.2
        D:2 |      22 |      15 |  40.5 |      12 |       3 |  20.0
        D:3 |      70 |      34 |  32.7 |       9 |      11 |  55.0
            +---------+---------+-------+---------+---------+-------
